AoeStats
← ivAN0ViC

Arena

506671691Analyzed
1v1 RM · 17d ago on Sep 14, 2026· 51m 55s· 2 players
Game mode
Random Map
Map size
Tiny (2 player)
Population
200
Speed
Normal
Resources
Standard
Victory
Conquest
Starting age
Dark Age
Ending age
Imperial Age
RankedLock teamsTeams togetherTeam positionsShared explorationLock speedFull tech treeHidden civsTurbo modeCheats
Victory
Defeat
🇨🇱 Saracens · Chile
745
+18
🇺🇸 Portuguese · United States
785
-18
ivAN0ViC
11:53 Feudal Age
12:27 Horse Collar
12:35 Double-Bit Axe
15:57 Wheelbarrow
18:28 Castle Age
19:16 Pikeman
20:01 Husbandry
20:22 Heavy Plow
23:07 Scale Barding Armor
26:07 Hand Cart
28:10 Stone Mining
28:48 Bow Saw
29:37 Elite Skirmisher
30:19 Squires
30:55 Gold Mining
31:28 Town Watch
31:28 Loom
31:51 Padded Archer Armor
31:41 Fletching
33:39 Leather Archer Armor
33:19 Bodkin Arrow
38:01 Imperial Age
37:31 Chain Barding Armor
38:41 Thumb Ring
39:24 Gold Shaft Mining
38:46 Arson
40:36 Elite Mameluke
42:03 Counterweights
41:35 Onager
42:46 Ballistics
43:26 Chemistry
44:08 Heavy Camel Rider
45:46 Light Cavalry
46:37 Bloodlines
49:31 Ring Archer Armor
49:01 Bracer
49:37 Plate Barding Armor
TimLimb
11:10 Feudal Age
16:51 Castle Age
14:42 Double-Bit Axe
15:19 Horse Collar
17:18 Bloodlines
17:37 Man-at-Arms
19:27 Forging
19:09 Loom
22:50 Crossbowman
23:29 Fletching
25:25 Bodkin Arrow
26:39 Wheelbarrow
26:13 Heavy Plow
27:02 Ballistics
27:43 Thumb Ring
30:31 Padded Archer Armor
31:00 Town Watch
34:39 Imperial Age
35:13 Hand Cart
36:21 Chemistry
35:30 Arquebus
36:47 Conscription
37:54 Leather Archer Armor
41:25 Siege Engineers
50:04 Ring Archer Armor
Connection lost

Rejoining the realm…

Still unreachable

The connection could not be restored.

Session expired

The server has moved on; the page needs a fresh start.